SNL (28 & UNDER)
KEY WEST BARRACUDAS @ SALEM SILVER SOULS
09/18/2028
 
TOP OF THE 1ST
Key West Barracudas batting - Pitching for Salem Silver Souls : LHP Jeff Brennan
Pitching: LHP Jeff Brennan
Batting: SHB Luis Manuel López 0-0: Ball
1-0: Foul Ball, location: 2F
1-1: Ball
2-1: Hit by Pitch
Batting: LHB Víctor Acevedo 0-0: Ball
1-0: Called Strike
1-1: Foul Ball, location: 2F
1-2: SINGLE (Line Drive, 7S)
Luis Manuel López to second
Batting: RHB Frederick Chamberlain 0-0: Ball
1-0: SINGLE (Line Drive, 56D)
Luis Manuel López to third
Víctor Acevedo to second
Runner from 3rd tries for Home, SAFE, no throw
Batting: SHB Héctor Jiménez 0-0: Foul Ball, location: 2F
0-1: Called Strike
0-2: Fly out, F8 (Flyball, 78M)
Batting: SHB Jacob Knapp 0-0: Called Strike
0-1: Fly out, F8 (Flyball, 89M)
Batting: SHB Dan Dunn 0-0: Called Strike
0-1: Hit by Pitch
Víctor Acevedo to third
Frederick Chamberlain to second
Batting: RHB Chris Adams 0-0: Ball
1-0: Ground out 5-3 (Groundball, 2L)
Top of the 1st over - 1 run(s), 2 hit(s), 0 error(s), 3 left on base; Key West 1 - Salem 0
BOTTOM OF THE 1ST
Salem Silver Souls batting - Pitching for Key West Barracudas : RHP George Bennion
Pitching: RHP George Bennion
Batting: LHB Joel Nelson 0-0: Ball
1-0: Called Strike
1-1: Called Strike
1-2: Strikes out swinging
Batting: RHB Elpidio Martinho 0-0: Ball
1-0: SINGLE (Line Drive, 4MD)
Batting: SHB Felipe Castro 0-0: Ball
1-0: Swinging Strike
1-1: SINGLE (Groundball, 4M) (infield hit)
Elpidio Martinho to second
Batting: LHB Luis Aragón 0-0: Called Strike
0-1: Called Strike
0-2: Strikes out swinging
Batting: LHB Balduíno Bruschy 0-0: Ball
1-0: Ball
2-0: Ball
3-0: Called Strike
3-1: Called Strike
3-2: SINGLE (Groundball, 34D)
Elpidio Martinho to third
Felipe Castro to second
Elpidio Martinho scores
Felipe Castro to third
Batting: SHB Caleb Hart 0-0: Ball
1-0: Ball
2-0: Called Strike
2-1: Foul Ball, location: 2F
2-2: Fly out, F7 (Flyball, 78M)
Bottom of the 1st over - 1 run(s), 3 hit(s), 0 error(s), 2 left on base; Key West 1 - Salem 1
TOP OF THE 2ND
Key West Barracudas batting - Pitching for Salem Silver Souls : LHP Jeff Brennan
Batting: RHB Anastasio Zartuche 0-0: Called Strike
0-1: Fly out, F9 (Flyball, 9LSF)
Batting: LHB Mauro Díaz 0-0: Ball
1-0: Swinging Strike
1-1: Ball
2-1: SINGLE (Groundball, 6D)
Batting: SHB Luis Manuel López 0-0: Fly out, F9 (Flyball, 89M)
Batting: LHB Víctor Acevedo 0-0: Fly out, F7 (Line Drive, 7S)
Top of the 2nd over - 0 run(s), 1 hit(s), 0 error(s), 1 left on base; Key West 1 - Salem 1
BOTTOM OF THE 2ND
Salem Silver Souls batting - Pitching for Key West Barracudas : RHP George Bennion
Batting: SHB Tony Yan 0-0: Called Strike
0-1: Ball
1-1: Ball
2-1: Called Strike
2-2: Foul Ball, location: 2F
2-2: Foul Ball, location: 2F
2-2: Ball
3-2: Base on Balls
Batting: LHB Rodrigo Pérez 0-0: Ball
1-0: Called Strike
1-1: Swinging Strike
1-2: Fly out, F6 (Flyball, 6MD)
Batting: LHB Alonso Contreras 0-0: Called Strike
0-1: Ball
1-1: Foul Ball, location: 2F
1-2: Ball
2-2: Ball
3-2: Base on Balls
Tony Yan to second
Batting: LHB Joel Nelson 0-0: DOUBLE (Line Drive, 7LM)
Tony Yan scores
Alonso Contreras to third
Runner from 3rd tries for Home, SAFE, no throw
Batting: RHB Elpidio Martinho 0-0: Ball
1-0: Called Strike
1-1: Ground out 6-3 (Groundball, 6)
Batting: SHB Felipe Castro 0-0: Called Strike
0-1: Ball
1-1: Swinging Strike
1-2: Ball
2-2: Ball
3-2: Base on Balls
Batting: LHB Luis Aragón 0-0: Ball
1-0: Ball
2-0: Called Strike
2-1: Foul Ball, location: 2F
2-2: Foul Ball, location: 2F
2-2: Ball
3-2: Foul Ball, location: 2F
3-2: Base on Balls
Joel Nelson to third
Felipe Castro to second
Pitching: RHP Gabe Lewis
Batting: LHB Balduíno Bruschy 0-0: GRAND SLAM HOME RUN (Flyball, 9LD), Distance : 367 ft
Batting: SHB Caleb Hart 0-0: Called Strike
0-1: Called Strike
0-2: Foul Ball, location: 2F
0-2: Foul Ball, location: 2F
0-2: Ground out 4-3 (Groundball, 4)
Bottom of the 2nd over - 6 run(s), 2 hit(s), 0 error(s), 0 left on base; Key West 1 - Salem 7
TOP OF THE 3RD
Key West Barracudas batting - Pitching for Salem Silver Souls : LHP Jeff Brennan
Batting: RHB Frederick Chamberlain 0-0: SOLO HOME RUN (Flyball, 8LXD), Distance : 416 ft
Batting: SHB Héctor Jiménez 0-0: Foul Ball, location: 2F
0-1: Foul Ball, location: 2F
0-2: Ball
1-2: Ground out 5-3 (Groundball, 56S)
Batting: SHB Jacob Knapp 0-0: Ball
1-0: Swinging Strike
1-1: Ball
2-1: Foul Ball, location: 2F
2-2: Foul Ball, location: 2F
2-2: Ball
3-2: Foul Ball, location: 2F
3-2: Strikes out looking
Batting: SHB Dan Dunn 0-0: Ball
1-0: Ball
2-0: Ground out 4-3 (Groundball, 4S)
Top of the 3rd over - 1 run(s), 1 hit(s), 0 error(s), 0 left on base; Key West 2 - Salem 7
BOTTOM OF THE 3RD
Salem Silver Souls batting - Pitching for Key West Barracudas : RHP Gabe Lewis
Batting: SHB Tony Yan 0-0: Called Strike
0-1: Ball
1-1: Foul Ball, location: 2F
1-2: Ground out 4-3 (Groundball, 4)
Batting: LHB Rodrigo Pérez 0-0: Called Strike
0-1: Ball
1-1: Ground out U3 (Groundball, 34S)
Batting: LHB Alonso Contreras 0-0: Ball
1-0: Ground out 3-1 (Groundball, 34S)
Bottom of the 3rd over - 0 run(s), 0 hit(s), 0 error(s), 0 left on base; Key West 2 - Salem 7
TOP OF THE 4TH
Key West Barracudas batting - Pitching for Salem Silver Souls : LHP Jeff Brennan
Batting: RHB Chris Adams 0-0: Called Strike
0-1: Foul Ball, location: 2F
0-2: Foul Ball, location: 2F
0-2: Ball
1-2: Strikes out looking
Batting: RHB Anastasio Zartuche 0-0: Swinging Strike
0-1: Ball
1-1: Called Strike
1-2: Foul Ball, location: 2F
1-2: Strikes out swinging
Batting: LHB Mauro Díaz 0-0: Ball
1-0: DOUBLE (Flyball, 89D)
Batting: SHB Luis Manuel López 0-0: Called Strike
0-1: Ball
1-1: Ground out 6-3 (Groundball, 56)
Top of the 4th over - 0 run(s), 1 hit(s), 0 error(s), 1 left on base; Key West 2 - Salem 7
BOTTOM OF THE 4TH
Salem Silver Souls batting - Pitching for Key West Barracudas : RHP Gabe Lewis
Batting: LHB Joel Nelson 0-0: Ball
1-0: SINGLE (Groundball, 56D)
Batting: RHB Elpidio Martinho 0-0: Called Strike
0-1: Ball
1-1: Swinging Strike
1-2: Foul Ball, location: 2F
1-2: Fly out, F8 (Line Drive, 8RD)
Batting: SHB Felipe Castro 0-0: Foul Ball, location: 2F
0-1: Called Strike
0-2: Foul Ball, location: 2F
0-2: Foul Ball, location: 2F
0-2: Ball
1-2: Ball
2-2: Ball
3-2: SINGLE (Groundball, 4MD)
Joel Nelson to second
Joel Nelson to third
Batting: LHB Luis Aragón 0-0: Called Strike
0-1: Foul Ball, location: 2F
0-2: Foul Ball, location: 2F
0-2: Ball
1-2: Ball
2-2: Ground out 6-3 (Groundball, 6S)
Joel Nelson scores
Felipe Castro to second
Batting: LHB Balduíno Bruschy 0-0: Foul Ball, location: 2F
0-1: Called Strike
0-2: Foul Ball, location: 2F
0-2: Ball
1-2: Ball
2-2: Ball
3-2: Base on Balls
Batting: SHB Caleb Hart 0-0: Ball
1-0: Called Strike
1-1: Ball
2-1: Called Strike
2-2: Ball
3-2: Strikes out swinging
Bottom of the 4th over - 1 run(s), 2 hit(s), 0 error(s), 2 left on base; Key West 2 - Salem 8
TOP OF THE 5TH
Key West Barracudas batting - Pitching for Salem Silver Souls : LHP Jeff Brennan
Batting: LHB Víctor Acevedo 0-0: Called Strike
0-1: Ball
1-1: Called Strike
1-2: Fly out, F7 (Line Drive, 7S)
Batting: RHB Frederick Chamberlain 0-0: Swinging Strike
0-1: Swinging Strike
0-2: Ball
1-2: Ball
2-2: Ball
3-2: Foul Ball, location: 2F
3-2: Ground out 5-3 (Groundball, 56)
Batting: SHB Héctor Jiménez 0-0: DOUBLE (Line Drive, 7LM)
Batting: SHB Jacob Knapp 0-0: Ball
1-0: Ball
2-0: SINGLE (Groundball, 56D)
Héctor Jiménez to third
Batting: SHB Dan Dunn 0-0: Called Strike
0-1: Called Strike
0-2: Ball
1-2: Ball
2-2: Strikes out swinging
Top of the 5th over - 0 run(s), 2 hit(s), 0 error(s), 2 left on base; Key West 2 - Salem 8
BOTTOM OF THE 5TH
Salem Silver Souls batting - Pitching for Key West Barracudas : RHP Gabe Lewis
Pitching: LHP Josh Chamberlain
Batting: SHB Tony Yan 0-0: Ball
1-0: Foul Ball, location: 2F
1-1: Foul Ball, location: 2F
1-2: Strikes out swinging
Batting: LHB Rodrigo Pérez 0-0: Ball
1-0: Called Strike
1-1: Called Strike
1-2: Strikes out looking
Batting: LHB Alonso Contreras 0-0: Ball
1-0: Ball
2-0: Foul Ball, location: 2F
2-1: SINGLE (Groundball, 34D)
Batting: LHB Joel Nelson 0-0: Ball
Wild Pitch!
Alonso Contreras to second
1-0: Called Strike
1-1: Ground out 3-1 (Groundball, 23)
Bottom of the 5th over - 0 run(s), 1 hit(s), 0 error(s), 1 left on base; Key West 2 - Salem 8
TOP OF THE 6TH
Key West Barracudas batting - Pitching for Salem Silver Souls : LHP Jeff Brennan
Batting: RHB Chris Adams 0-0: Ball
1-0: Ball
2-0: Foul Ball, location: 2F
2-1: Foul Ball, location: 2F
2-2: Strikes out swinging
Batting: RHB Anastasio Zartuche 0-0: Called Strike
0-1: Fly out, F8 (Flyball, 89M)
Batting: LHB Mauro Díaz 0-0: Ball
1-0: Ball
2-0: Called Strike
2-1: Foul Ball, location: 2F
2-2: Fly out, F6 (Popup, 6S)
Top of the 6th over - 0 run(s), 0 hit(s), 0 error(s), 0 left on base; Key West 2 - Salem 8
BOTTOM OF THE 6TH
Salem Silver Souls batting - Pitching for Key West Barracudas : LHP Josh Chamberlain
Batting: RHB Elpidio Martinho 0-0: Ball
1-0: Ball
2-0: Ball
3-0: Called Strike
3-1: Base on Balls
Batting: SHB Felipe Castro 0-0: Ball
1-0: Reached on error, E6 (Groundball, 6)
Elpidio Martinho to second
Batting: LHB Luis Aragón 0-0: Called Strike
0-1: Ball
1-1: Swinging Strike
1-2: Foul Ball, location: 2F
1-2: Strikes out swinging
Batting: LHB Balduíno Bruschy 0-0: Called Strike
0-1: SINGLE (Groundball, 3D)
Elpidio Martinho to third
Felipe Castro to second
Runner from 3rd tries for Home, throw and OUT!
Batting: SHB Caleb Hart 0-0: Called Strike
0-1: Ball
1-1: Ball
2-1: Ball
3-1: Foul Ball, location: 2F
3-2: Ground out 4-3 (Groundball, 4)
Bottom of the 6th over - 0 run(s), 1 hit(s), 1 error(s), 2 left on base; Key West 2 - Salem 8
TOP OF THE 7TH
Key West Barracudas batting - Pitching for Salem Silver Souls : LHP Jeff Brennan
Batting: SHB Luis Manuel López 0-0: Called Strike
0-1: Swinging Strike
0-2: Strikes out swinging
Batting: LHB Víctor Acevedo 0-0: Fly out, F7 (Line Drive, 7S)
Batting: RHB Frederick Chamberlain 0-0: Ball
1-0: Ground out 5-3 (Groundball, 56)
Top of the 7th over - 0 run(s), 0 hit(s), 0 error(s), 0 left on base; Key West 2 - Salem 8
BOTTOM OF THE 7TH
Salem Silver Souls batting - Pitching for Key West Barracudas : LHP Josh Chamberlain
Batting: SHB Tony Yan 0-0: Ball
1-0: Called Strike
1-1: Swinging Strike
1-2: Ball
2-2: Strikes out swinging
Batting: LHB Rodrigo Pérez 0-0: Called Strike
0-1: SINGLE (Groundball, 34D)
Batting: LHB Alonso Contreras 0-0: Ball
1-0: Called Strike
1-1: Ball
2-1: Fielders Choice at 2nd, 4-6 (Groundball, 4)
Batting: LHB Joel Nelson 0-0: Ball
Alonso Contreras is caught stealing 2nd base
Bottom of the 7th over - 0 run(s), 1 hit(s), 0 error(s), 0 left on base; Key West 2 - Salem 8
TOP OF THE 8TH
Key West Barracudas batting - Pitching for Salem Silver Souls : LHP Jeff Brennan
Pitching: RHP Taylor Bowen
Batting: SHB Héctor Jiménez 0-0: Ground out 4-3 (Groundball, 4)
Batting: SHB Jacob Knapp 0-0: Foul Ball, location: 2F
0-1: Foul Ball, location: 2F
0-2: Ball
1-2: Foul Ball, location: 2F
1-2: Ball
2-2: Ball
3-2: Fly out, F7 (Flyball, 7)
Batting: SHB Dan Dunn 0-0: Called Strike
0-1: Ball
1-1: Foul Ball, location: 2F
1-2: Foul Ball, location: 2F
1-2: Ball
2-2: SINGLE (Groundball, 25) (infield hit)
Batting: RHB Chris Adams 0-0: Foul Ball, location: 2F
0-1: Ball
1-1: Swinging Strike
1-2: Strikes out swinging
Top of the 8th over - 0 run(s), 1 hit(s), 0 error(s), 1 left on base; Key West 2 - Salem 8
BOTTOM OF THE 8TH
Salem Silver Souls batting - Pitching for Key West Barracudas : LHP Josh Chamberlain
Batting: LHB Joel Nelson 0-0: Ball
1-0: Ball
2-0: Called Strike
2-1: Foul Ball, location: 2F
2-2: Foul Ball, location: 2F
2-2: Foul Ball, location: 2F
2-2: Fly out, F5 (Popup, 5D)
Pitching: RHP Sean Martínez
Batting: RHB Elpidio Martinho 0-0: Foul Ball, location: 2F
0-1: Ground out U3 (Groundball, 2R)
Batting: SHB Felipe Castro 0-0: Called Strike
0-1: Ground out U3 (Groundball, 34)
Bottom of the 8th over - 0 run(s), 0 hit(s), 0 error(s), 0 left on base; Key West 2 - Salem 8
TOP OF THE 9TH
Key West Barracudas batting - Pitching for Salem Silver Souls : RHP Taylor Bowen
Now at C: Jaime Rodríguez
Batting: RHB Anastasio Zartuche 0-0: Swinging Strike
0-1: Foul Ball, location: 2F
0-2: Strikes out looking
Batting: LHB Mauro Díaz 0-0: Ground out 6-3 (Groundball, 6M)
Batting: SHB Luis Manuel López 0-0: Ball
1-0: Swinging Strike
1-1: Foul Ball, location: 2F
1-2: Strikes out swinging
Top of the 9th over - 0 run(s), 0 hit(s), 0 error(s), 0 left on base; Key West 2 - Salem 8
Tuesday, August 8th, 2017 - OOTP Baseball 17.12 Build 75